AoeStats
← ska_18

Pilgrims

508261494Analyzed
3v3 RM · 10d ago on Sep 21, 2026· 60m 18s· 6 players
Game mode
Random Map
Map size
Normal (6 player)
Population
200
Speed
Normal
Resources
Standard
Victory
Conquest
Starting age
Dark Age
Ending age
Imperial Age
RankedLock teamsTeams togetherTeam positionsShared explorationLock speedFull tech treeHidden civsTurbo modeCheats
Victory
Defeat
🇺🇸 Goths · United States
895
+13
🇦🇹 Saracens · Austria
882
+14
🇲🇽 Japanese · Mexico
806
+17
🇩🇪 Vietnamese · Germany
992
-21
🇺🇸 Tatars · United States
755
-12
🇪🇸 Goths · Spain
747
-11
Shonedrache
13:04 Feudal Age
13:31 Loom
15:02 Double-Bit Axe
16:46 Horse Collar
23:47 Castle Age
24:22 Wheelbarrow
31:23 Scale Mail Armor
32:22 Elite Skirmisher
37:23 Fletching
37:55 Hand Cart
37:46 Heavy Plow
38:29 Bodkin Arrow
43:10 Murder Holes
46:07 Imperial Age
44:04 Murder Holes
44:43 Treadmill Crane
45:18 Masonry
45:54 Chain Mail Armor
46:21 Gold Mining
46:21 Stone Mining
47:11 Conscription
49:41 Plate Mail Armor
49:22 Forging
52:04 Hoardings
53:01 Iron Casting
53:07 Ballistics
55:39 Bow Saw
56:13 Gold Shaft Mining
57:40 Blast Furnace
56:27 Spies/Treason
57:45 Town Watch
58:06 Bracer
58:07 Padded Archer Armor
59:16 Chemistry
60:07 Leather Archer Armor
59:58 Scale Barding Armor
60:08 Clinker Construction
wubalabadubdub
ska_18
4:10 Loom
12:58 Feudal Age
18:02 Castle Age
15:56 Fletching
16:48 Fishing Lines
16:56 Double-Bit Axe
16:52 Horse Collar
19:02 Bodkin Arrow
19:15 Town Watch
20:51 Gillnets
22:29 Wheelbarrow
23:24 Scale Barding Armor
24:29 Bow Saw
25:35 Hand Cart
25:24 Heavy Plow
26:06 Forging
27:17 Gold Mining
27:17 Stone Mining
28:20 Iron Casting
29:31 Husbandry
29:43 Bloodlines
28:53 Light Cavalry
29:53 Bimaristan
33:07 Fervor
34:05 Sanctity
37:26 Imperial Age
35:42 Bimaristan
37:13 Gold Shaft Mining
38:07 Coinage
38:36 Conscription
38:51 Hoardings
39:33 Hoardings
39:59 Elite Mameluke
41:02 Chain Barding Armor
42:20 Plate Barding Armor
43:01 Chemistry
41:42 Treadmill Crane
44:06 Blast Furnace
44:00 Banking
44:32 Two-Man Saw
45:16 Masonry
45:11 Murder Holes
52:26 Siege Engineers
52:32 Fortified Wall
52:42 Ballistics
52:35 Medium Warships
51:46 Elite Cannon Galleon
54:53 Guard Tower
54:48 Arrowslits
55:09 Siphons
55:16 Clinker Construction
55:17 Careening
55:11 Spies/Treason
57:28 Heavy Warships
57:39 Demolition Ship
58:44 Carvel Hull
58:46 Dry Dock
59:02 Keep
58:41 Incendiaries
58:34 Bracer
57:58 Hussar
57:59 Heavy Camel Rider
58:41 Devotion
58:45 Town Patrol
Teblu
8:23 Loom
13:01 Feudal Age
13:47 Feudal Age
19:57 Castle Age
18:34 Wheelbarrow
18:06 Fletching
18:17 Padded Archer Armor
20:14 Fishing Lines
21:52 Double-Bit Axe
22:10 Bodkin Arrow
22:30 Leather Archer Armor
26:42 Ballistics
38:10 Bow Saw
37:56 Gillnets
41:41 Imperial Age
42:53 Conscription
43:00 Timurid Siegecraft
46:12 Heavy Cavalry Archer
51:32 Medium Warships
52:51 Heavy Warships
DonLeberkaso
8:04 Loom
12:41 Feudal Age
16:19 Bloodlines
18:23 Fletching
Kraken
Connection lost

Rejoining the realm…

Still unreachable

The connection could not be restored.

Session expired

The server has moved on; the page needs a fresh start.